 Dungeon Crawl Stone Soup version 0.25.1-9-gc5326a611f (webtiles) character file.

Game seed: 8659387463393463277

385 stebl the Cudgeler (level 6, -8/44 HPs)
             Began as a Demonspawn Gladiator on Dec 23, 2020.
             Was an Initiate of Gozag.
             Killed by divine providence
             ... invoked by an orc priest
              (14 damage)
             ... on level 4 of the Dungeon.
             The game lasted 00:14:45 (3745 turns).

stebl the Cudgeler (Demonspawn Gladiator)           Turns: 3745, Time: 00:14:48

Health: -8/44      AC:  7    Str: 16    XL:     6   Next: 48%
Magic:  6/6        EV: 12    Int:  9    God:    Gozag
Gold:   407        SH:  0    Dex: 15    Spells: 5/5 levels left

rFire    . . .     SeeInvis .   y - +1 whip (elec)
rCold    . . .     Gourm    .   (no shield)
rNeg     . . .     Faith    .   i - +0 ring mail
rPois    .         Spirit   .   c - +0 helmet
rElec    .         Reflect  .   (no cloak)
rCorr    .         Harm     .   (no gloves)
MR       .....                  r - +0 pair of boots
Stlth    +.........             (no amulet)
HPRegen  0.14/turn              (no ring)
MPRegen  0.10/turn              (no ring)

@: gold aura
A: claws 2, powered by pain 2
a: Potion Petition, Call Merchant, Bribe Branch, Renounce Religion


You were on level 4 of the Dungeon.
You worshipped Gozag.
Gozag was aware of your devotion.
You were not hungry.

You visited 1 branch of the dungeon, and saw 4 of its levels.

You collected 424 gold pieces.
You paid 17 gold pieces to Gozag.


Innate Abilities, Weirdness & Mutations

You have very sharp fingernails.
You sometimes gain power by taking damage.


   Skills:
 - Level 2.0 Fighting
 + Level 6.7 Maces & Flails
 - Level 1.7 Throwing
 - Level 2.6 Dodging


You had 5 spell levels left.
You didn't know any spells.
Your spell library was empty.

Inventory:

Hand Weapons
 a - a +0 flail
 b - a +0 hunting sling
 y - a +1 whip of electrocution (weapon)
Missiles
 d - 2 throwing nets {=f}
 g - 276 stones (quivered)
 u - 3 datura-tipped darts
Armour
 c - a +0 helmet (worn)
 i - a +0 ring mail (worn)
 r - a +0 pair of boots (worn)
Jewellery
 h - an uncursed ring of fire
 n - an uncursed amulet of the acrobat {unknown}
 o - a cursed amulet of inaccuracy {unknown}
 w - an uncursed amulet of regeneration {unknown}
 F - an uncursed ring of fire
Scrolls
 e - a scroll of amnesia {unknown}
 l - a scroll of magic mapping {unknown}
 m - 4 scrolls of teleportation {unknown}
 p - 4 scrolls of identify {unknown}
 q - 2 scrolls of remove curse {unknown}
 s - a scroll of enchant weapon {unknown}
 t - a scroll of blinking {unknown}
Potions
 j - a potion of mutation {unknown}
 k - a potion of lignification {unknown}
 v - a potion of cancellation {unknown}
 x - a potion of haste {unknown}
 z - 2 potions of brilliance {unknown}
 A - a potion of flight {unknown}
Comestibles
 f - 8 rations {@e1}

Dungeon Overview and Level Annotations

Branches:
Dungeon (4/15)
 Temple: D:4-7

Altars:
Dithmenos
Elyvilon
Gozag
Kikubaaqudgha
Nemelex Xobeh
Zin

Annotations:
D:4 1 runed translucent door, Tiocfaidh's ghost, amateur CeHu

........ ..#.......
#..#....... #..#.......
#+# #..#....... #.#
#..#....... #.#
#..#.......
#..#######.###..........
.......@$oo(..(.##......
..########.##...##......
#..'(....).....
######..#...........
#.......#....#######
#.......###.......#
#.......# #.......#
#...)...# #.......# $
#.......# #.......#


You could see an orc priest and an orc.


Message History

You closely miss the orc wizard.
The orc wizard is almost dead.
The orc wizard gestures at you while chanting.
The puff of flame hits you!
* * * LOW HITPOINT WARNING * * *
You completely miss the orc wizard.
The orc wizard is almost dead.
The orc wizard casts a spell.
The orc wizard blinks!
The orc wizard misses you.
You hit the orc wizard but do no damage.
The orc wizard is almost dead.
The orc priest invokes the aid of Beogh against you.
Beogh smites you!
* * * LOW HITPOINT WARNING * * *
The orc wizard zaps a wand.
The puff of flame misses you.
You closely miss the orc wizard.
The orc wizard is almost dead.
You hit the orc wizard but do no damage.
The orc wizard is almost dead.
The orc wizard mumbles some strange words.
The orc wizard flickers and vanishes!
Deactivating autopickup; reactivate with Ctrl-A.
You hit something.
Reactivating autopickup.
Your life force feels restored.
You feel a bit more experienced.
The orc priest invokes the aid of Beogh against you.
Beogh smites you!
You die...
Your body crumbles into a pile of gold.

Skill      XL: |  1  2  3  4  5 |
---------------+----------------+-----
Maces & Flails | 3 5 6 |  6.7
Fighting       | |  2.0
Throwing       | |  1.7
Dodging        | |  2.6

Action                   |  1- 3 |  4- 6 || total
-------------------------+-------+-------++-------
Melee: Flail             |   120 |    81 ||   201
       Whip              |       |    36 ||    36
 Fire: Hunting sling     |       |     8 ||     8
Throw: Stone             |     1 |     2 ||     3
       Throwing net      |     1 |       ||     1
  Eat: Chunk             |     2 |       ||     2
       Ration            |       |     2 ||     2
Armor: Ring mail         |    61 |    35 ||    96
       Leather armour    |     5 |       ||     5
Dodge: Dodged            |   109 |    67 ||   176

Levels and vault maps discovered:
D:1:      eino_arrival_water_cross, layout_loops_corners, serial_forest,
          infiniplex_forest_clump_C, infiniplex_forest_clump_small,
          infiniplex_forest_lined_corner, infiniplex_forest_3_way,
          infiniplex_forest_clump_small, wad_floor_pattern_untrapped,
          minmay_hexomino_f4
D:2:      layout_rooms, grunt_temple_overflow_gold_and_silver, uniq_robin
D:3:      layout_loops_ring, minitemple
D:4:      layout_basic, gup_sewer_entry_bubbles, ebering_ghost_sewer_d,
          elyvilon_altar_5, uniq_natasha, uniq_eustachio, uniq_ijyb

Notes
Turn   | Place    | Note
-------+----------+-------------------------------------------
     0 | D:1      | stebl the Demonspawn Gladiator began the quest for the Orb.
     0 | D:1      | Reached XP level 1. HP: 16/16 MP: 1/1
   132 | D:1      | Reached skill level 3 in Maces & Flails
   228 | D:1      | Gained mutation: You sometimes gain a little power by
                  | taking damage. [demonic ancestry]
   228 | D:1      | Reached XP level 2. HP: 21/22 MP: 2/2
  1054 | D:2      | Noticed a bullfrog
  1065 | D:2      | Noticed Robin
  1081 | D:1      | Reached XP level 3. HP: 12/27 MP: 3/3
  1376 | D:2      | Found an opulent altar of Gozag.
  1377 | D:2      | Found a glowing silver altar of Zin.
  1401 | D:2      | Became a worshipper of Gozag Ym Sagoz the Greedy
  1506 | D:2      | Reached skill level 4 in Maces & Flails
  1599 | D:2      | Killed a bullfrog
  1599 | D:2      | Reached skill level 5 in Maces & Flails
  1599 | D:2      | Gained mutation: You have sharp fingernails. [demonic
                  | ancestry]
  1599 | D:2      | Reached XP level 4. HP: 13/33 MP: 4/4
  1788 | D:2      | Killed Robin
  1881 | D:2      | Gained mutation: You have very sharp fingernails. [demonic
                  | ancestry]
  1881 | D:2      | Reached XP level 5. HP: 38/38 MP: 5/5
  3009 | D:3      | Found an ancient bone altar of Kikubaaqudgha.
  3028 | D:3      | Found a shadowy altar of Dithmenos.
  3032 | D:3      | Found a sparkling altar of Nemelex Xobeh.
  3165 | D:3      | Reached skill level 6 in Maces & Flails
  3364 | D:4      | Gained mutation: You sometimes gain power by taking damage.
                  | [demonic ancestry]
  3364 | D:4      | Reached XP level 6. HP: 39/44 MP: 6/6
  3519 | D:4      | Found a white marble altar of Elyvilon.
  3529 | D:4      | Found a runed translucent door.
  3532 | D:4      | Noticed Tiocfaidh's ghost (amateur CeHu)
  3745 | D:4      | Killed from afar by an orc priest

Vanquished Creatures
  An ogre (D:4)
  A bullfrog (D:2)
  An orc priest (D:3)
  2 orc wizards (D:4)
  Robin (D:2)
  5 adders
  2 oozes (D:2)
  A worm (D:3)
  A dart slug (D:4)
  A leopard gecko (D:2)
  6 orcs
  A ball python (D:1)
  8 bats
  17 goblins
  6 hobgoblins
  6 kobolds
  4 frilled lizards
  12 rats
76 creatures vanquished.

Table legend:
 A = Turns spent in this place as a percentage of turns spent in the entire game.
 B = Non-inter-level travel turns spent in this place as a percentage of non-inter-level travel turns spent in the entire game.
 C = Inter-level travel turns spent in this place as a percentage of turns spent in this place.
 D = Turns resting spent in this place as a percentage of non-inter-level travel turns spent in this place.
 E = Turns spent auto-exploring this place as a percentage of non-inter-level travel turns spent in this place.
 F = Non-inter-level travel turns spent in this place divided by the number of levels of this place that you've seen.
                   A       B       C       D       E      F
               +-------+-------+-------+-------+-------+----------------------
         Total | 100.0 | 100.0 |   3.3 |  18.8 |  59.0 | 905.8
       Dungeon | 100.0 | 100.0 |   3.3 |  18.8 |  59.0 | 905.8
               +-------+-------+-------+-------+-------+----------------------

Table legend:
 A = Non-vault XP
 B = Vault XP
 C = Vault XP percentage of total XP
 D = Non-vault monster count
 E = Vault monster count
 F = Vault count percentage of total count
                 A         B        C        D         E       F
            +---------+---------+-------+---------+---------+-------
      Total |     513 |      37 |   6.7 |      63 |      13 |  17.1
            +---------+---------+-------+---------+---------+-------
        D:1 |      34 |      10 |  22.7 |      22 |       6 |  21.4
        D:2 |     148 |      27 |  15.4 |      13 |       7 |  35.0
        D:3 |     121 |       0 |   0.0 |      22 |       0 |   0.0
        D:4 |     210 |       0 |   0.0 |       6 |       0 |   0.0
            +---------+---------+-------+---------+---------+-------
